 Dungeon Crawl Stone Soup version 0.30-a0-691-g754fce4 (webtiles) character file.

Game seed: 9570590715317405280

291372 Illumine the Warrior (level 20, -6/137 HPs)
             Began as a Gargoyle Earth Elementalist on Jan 18, 2023.
             Was an Initiate of Gozag.
             Mangled by a white very ugly thing (13 damage)
             ... on level 1 of the Vaults on Jan 19, 2023.
             The game lasted 02:08:25 (56838 turns).

Illumine the Warrior (Gargoyle Earth Elementalist) Turns: 56838, Time: 02:08:25

Health: -6/137     AC: 27    Str: 15    XL:     20   Next: 77%
Magic:  30/40      EV: 12    Int: 37    God:    Gozag
Gold:   3069       SH:  7    Dex: 10    Spells: 12/39 levels left

rFire   . . .      SeeInvis .    r - +6 Majin-Bo {spellvamp, MP+6 Int+6}
rCold   + . .      Faith    .    m - +2 buckler {reflect}
rNeg    + + +      Spirit   .    e - +1 robe {Archmagi}
rPois   ∞          Reflect  +    K - +2 helmet {Int+3}
rElec   +          Harm     .    (no cloak)
rCorr   .          Rampage  .    T - +1 pair of gloves
Will    +....      Archmagi +    O - +0 pair of boots {Stlth+}
Stlth   ++++                     x - amulet of magic regeneration
HPRegen 0.42/turn                A - ring of Bemaev {Wiz *Slow rC+ rN+++}
MPRegen 0.67/turn                X - ring of Xeimmys {Int+6 Stlth+}

@: flying, studying Ice Magic
A: sickness immunity, AC +15, big wings, negative energy resistance 1,
electricity resistance, torment resistance 1, petrification resistance
}: 2/15 runes: barnacled, gossamer
a: Renounce Religion, Potion Petition, Call Merchant, Bribe Branch


You were on level 1 of the Vaults.
You worshipped Gozag.
Gozag was most pleased with you.
You visited 8 branches of the dungeon, and saw 36 of its levels.
You visited 1 bazaar.
You also visited: Bailey, Gauntlet and Ice Cave.

You collected 13849 gold pieces.
You spent 7081 gold pieces at shops.
You paid 3699 gold pieces to Gozag.

Inventory:

Hand Weapons
 r - the +6 Majin-Bo (weapon) {spellvamp, MP+6 Int+6}
   (You bought it in a shop on level 2 of the Orcish Mines)

   Int:       It affects your intelligence (+6).
   MP:        It affects your magic capacity (+6).
 z - the +12 glaive of Prune {freeze, Prune}
   (You took it off a deep elf high priest on level 3 of the Elven Halls)

   Prune:     It halves damage taken while paralysed, petrified or unconscious.
Missiles
 t - 16 silver javelins
Armour
 e - a +1 robe of the Archmagi (worn)
 m - a +2 buckler of reflection (worn)
 v - the +9 scales of the Dragon King {rPois rF+ rC+ Will+}
   (You found it on level 3 of the Elven Halls)

   rF:        It protects you from fire.
   rC:        It protects you from cold.
   rPois:     It protects you from poison.
   Will:      It increases your willpower.
 K - a +2 helmet of intelligence (worn)
 O - a +0 pair of boots of stealth (worn)
 S - +1 fire dragon scales
 T - a +1 pair of gloves (worn)
Magical Staves
 s - a staff of earth
Jewellery
 i - a ring of willpower
 j - a ring of positive energy
 x - an amulet of magic regeneration (around neck)
 A - the ring of Bemaev (left hand) {Wiz *Slow rC+ rN+++}
   (You bought it in a shop on level 1 of the Elven Halls)

   [ring of wizardry]

   It improves your spell success rate.
   rC:        It protects you from cold.
   rN:        It renders you almost immune to negative energy.
   *Slow:     It may slow you when you take damage.
 L - a ring of protection from cold
 P - the ring of Daffodils {rElec rCorr Int+4 Dex-2}
   (You took it off a deep elf pyromancer on level 3 of the Elven Halls)

   [ring of resist corrosion]

   Int:       It affects your intelligence (+4).
   Dex:       It affects your dexterity (-2).
   rElec:     It insulates you from electricity.
   rCorr:     It protects you from acid and corrosion.
 X - the ring of Xeimmys (right hand) {Int+6 Stlth+}
   (You bought it in a shop on level 1 of the Elven Halls)

   [ring of intelligence]

   Int:       It affects your intelligence (+6).
   Stlth:     It makes you more stealthy.
Wands
 o - a wand of digging (7)
 w - a wand of quicksilver (4)
 F - a wand of roots (21)
 G - a wand of flame (16)
 R - a wand of paralysis (75)
 Z - a wand of polymorph (20)
Scrolls
 d - 7 scrolls of vulnerability
 k - 7 scrolls of fog
 p - 8 scrolls of teleportation
 q - 10 scrolls of poison
 C - 4 scrolls of amnesia
 E - 5 scrolls of magic mapping
 I - 3 scrolls of fear
 J - 4 scrolls of blinking
 N - 3 scrolls of silence
 V - 3 scrolls of butterflies
 Y - 4 scrolls of immolation
Potions
 a - 5 potions of might
 b - 2 potions of magic
 c - 17 potions of curing
 f - 5 potions of attraction
 g - 8 potions of mutation
 h - 3 potions of berserk rage
 l - 2 potions of cancellation
 n - 8 potions of heal wounds
 u - 2 potions of brilliance
 y - 4 potions of resistance
 B - 4 potions of invisibility
 D - 7 potions of ambrosia
 M - 9 potions of haste
 W - 7 potions of lignification
Miscellaneous
 H - a condenser vane
 Q - a phantom mirror
 U - a tin of tremorstones (2/2)


   Skills:
 + Level 18.6 Fighting
 - Level 5.8 Long Blades
 - Level 0.1(3.9) Maces & Flails
 + Level 6.4 Staves
 + Level 16.3 Armour
 - Level 4.1 Dodging
 - Level 2.3 Stealth
 - Level 8.0 Shields
 - Level 10.0 Spellcasting
 - Level 14.0 Conjurations
 - Level 2.0 Hexes
 - Level 12.0 Summonings
 + Level 10.5 Necromancy
 - Level 1.0 Transmutations
 - Level 3.3 Air Magic
 - Level 15.0 Earth Magic
 - Level 1.6 Evocations


You had 12 spell levels left.
You knew the following spells:

 Your Spells              Type           Power      Damage    Failure   Level
a - Sandblast             Erth           100%       2d20      0%          1
c - Swiftness             Air            59%        N/A       1%          3
d - Iron Shot             Conj/Erth      56%        9d11      1%          6
e - Apportation           Tloc           54%        N/A       1%          1
f - Spellforged Servitor  Conj/Summ      53%        N/A       4%          7
g - Leda's Liquefaction   Hex/Erth       44%        N/A       1%          4
h - Borgnjor's Vile Clut  Necr/Erth      53%        N/A       1%          5

Your spell library contained the following spells:

 Spells                   Type           Power      Damage    Failure   Level
 Kiss of Death            Conj/Necr      100%       2d13      0%          1
 Stone Arrow              Conj/Erth      100%       3d13      0%          3
 Beastly Appendage        Tmut           76%        N/A       1%          1
 Sting                    Tmut/Pois      100%       1d8       1%          1
 Ensorcelled Hibernation  Hex/Ice        76%        N/A       1%          2
 Passwall                 Tmut/Erth      71%        N/A       1%          2
 Poisonous Vapours        Pois/Air       92%        N/A       1%          2
 Scorch                   Fire           54%        2d7       1%          2
 Wereblood                Tmut           38%        N/A       1%          2
 Call Canine Familiar     Summ           100%       N/A       1%          3
 Confusing Touch          Hex            49%        N/A       1%          3
 Dazzling Flash           Conj/Hex       100%       N/A       1%          3
 Kindle Blastsparks       Fire/Tloc/Air  80%        2d16      1%          3
 Mephitic Cloud           Conj/Pois/Air  75%        N/A       1%          3
 Tukima's Dance           Hex            49%        N/A       1%          3
 Anguish                  Hex/Necr       38%        N/A       1%          4
 Animate Armour           Summ/Erth      100%       N/A       1%          4
 Dispel Undead            Necr           98%        3d31      1%          4
 Flame Wave               Conj/Fire      81%        2d18      1%          4
 Iskenderun's Mystic Bla  Conj/Tloc      81%        2d16      1%          4
 Petrify                  Tmut/Erth      86%        N/A       1%          4
 Sticky Flame             Conj/Fire      81%        2d9       1%          4
 Summon Ice Beast         Ice/Summ       76%        N/A       1%          4
 Summon Lightning Spire   Summ/Air       85%        N/A       1%          4
 Arcjolt                  Conj/Air       45%        1d55      1%          5
 Fireball                 Conj/Fire      40%        3d16      1%          5
 Irradiate                Conj/Tmut      42%        3d25      1%          5
 Iskenderun's Battlesphe  Conj           100%       2d15      1%          5
 Lee's Rapid Deconstruct  Erth           57%        3d26*     1%          5
 Lightning Bolt           Conj/Air       45%        1d65      1%          5
 Summon Mana Viper        Hex/Summ       81%        N/A       1%          5
 Summon Cactus Giant      Summ           51%        N/A       1%          6
 Ignite Poison            Fire/Tmut/Pois 31%        N/A       2%          3
 Portal Projectile        Hex/Tloc       76%        N/A       2%          3
 Spider Form              Tmut/Pois      33%        N/A       2%          3
 Airstrike                Air            29%        2d(5-21)  2%          4
 Freezing Cloud           Conj/Ice/Air   37%        6-21      2%          5
 Death Channel            Necr           49%        N/A       2%          6
 Ozocubu's Armour         Ice            27%        N/A       3%          3
 Conjure Ball Lightning   Conj/Air       45%        3x3d16    4%          6
 Monstrous Menagerie      Summ           51%        N/A       6%          7
 Summon Hydra             Summ           51%        N/A       6%          7
 Starburst                Conj/Fire      40%        6d12      9%          6
 Olgreb's Toxic Radiance  Pois           27%        N/A       11%         4
 Blade Hands              Tmut           19%        N/A       19%         5
 Alistair's Intoxication  Tmut/Pois      22%        N/A       24%         5
 Borgnjor's Revivificati  Necr           49%        N/A       65%         8
 Enfeeble                 Hex            24%        N/A       98%         7
 Necromutation            Tmut/Necr      37%        N/A       99%         8
 Ozocubu's Refrigeration  Ice            13%        4d10      100%        7
 Discord                  Hex            24%        N/A       100%        8
 Disjunction              Tloc           13%        N/A       100%        8
 Ignition                 Fire           13%        3d6       100%        8
 Maxwell's Capacitive Co  Air            29%        ∞         100%        8
 Death's Door             Necr           49%        N/A       100%        9
 Fire Storm               Conj/Fire      40%        8d10      100%        9
 Cigotuvi's Dreadful Rot  Necr/Pois/Air  Unusable   N/A       N/A         2
 Sublimation of Blood     Necr           Unusable   N/A       N/A         2
 Animate Dead             Necr           Unusable   N/A       N/A         4
 Statue Form              Tmut/Erth      Unusable   N/A       N/A         6

Dungeon Overview and Level Annotations

Branches:
Dungeon (15/15)            Temple (1/1) D:6            Lair (5/5) D:9
 Shoals (4/4) Lair:3       Spider (4/4) Lair:3        Slime (0/5) Lair:5
    Orc (2/2) D:12            Elf (3/3) Orc:2        Vaults (2/5) D:13
 Depths (0/4) D:15         Bailey (visited)           IceCv (visited)
Gauntlet (visited)
  Crypt: Vaults:2-3

Altars:
Ashenzari
Cheibriados
Dithmenos
Elyvilon
Fedhas
Gozag
Hepliaklqana
Kikubaaqudgha
Makhleb
Nemelex Xobeh
Okawaru
Qazlal
Ru
Sif Muna
Trog
Uskayaw
Vehumet
Wu Jian
Xom
Yredelemnul
Zin
The Shining One
Jiyva
Lugonu

Shops:
D:1 (   D:8 !   D:9 *   D:15 (   Orc:2 [[*(   Elf:1 =((   Elf:3 [   Lair:3 =[
Shoals:1 [:   Shoals:2 :

Portals:
Abyss: D:5

Annotations:
D:5 1 runed translucent door, moogleknight's ghost, novice DECj
D:9 3 runed translucent doors, Caerwyn's ghost, novice DsIE
Temple 2 transporters
Lair:5 Blinkfrogs's ghost, journeyman HOFi
Elf:1 5 transporters
Elf:2 3 runed translucent doors


Innate Abilities, Weirdness & Mutations

You are immune to sickness and miasma.
Your stone body is resilient. (AC +15)
You are immune to poison.
Your large and strong wings let you fly.
You resist negative energy. (rN+)
You are resistant to electric shocks. (rElec)
You are resistant to unholy torment.
You are immune to petrification.


Message History

Unknown command.
The centaur warrior shoots an arrow.
You reflect the arrow off your +2 buckler of reflection!
The arrow barely misses the centaur warrior.
The white very ugly thing claws you but does no damage.
The white very ugly thing kicks you! The white very ugly thing freezes you!!
You resist.
The vault sentinel blows a loud note on a signal horn!
The centaur warrior shoots an arrow.
The arrow hits you!!
You fly upwards.
There is a stone staircase leading down here.
Unknown command.
Casting: Iron Shot (mildly dangerous; 1% risk of failure)
Confirm with . or Enter, or press ? or * to list all spells.
You feel a surge of power!
You summon a servant imbued with your destructive magic!
A voice whispers, "That's more like it."
The white very ugly thing claws you. The white very ugly thing freezes you!
You resist.
The white very ugly thing closely misses you.
Unknown command.
Casting: Spellforged Servitor (dangerous; 4% risk of failure)
Confirm with . or Enter, or press ? or * to list all spells.
Aiming: Borgnjor's Vile Clutch (safe; 1% risk of failure)
Press: ? - help, Shift-Dir - straight line, f - white very ugly thing
Aim: a white very ugly thing (ally target, 100% to hit)
You feel a surge of power!
Zombie hands grab the white very ugly thing.
The zombie hands constrict the white very ugly thing!
The white very ugly thing claws you!
* * * LOW HITPOINT WARNING * * *
The white very ugly thing freezes you!! You resist.
* * * LOW HITPOINT WARNING * * *
The white very ugly thing barely misses you.
The zombie hands constrict the white very ugly thing!
The white very ugly thing kicks you.
* * * LOW HITPOINT WARNING * * *
The white very ugly thing freezes you! You resist.
You die...
Your body crumbles into a pile of gold.

..............#
..............#
..#####'####..#
..#........#..#
.)#........#..#
..#........#..##########
..#........#..'........#
..#........#..#..u....####
..#........#[.#.@u...###.#
..##########..#.9...###..#
..............#....###...#
..............#...#'#....#
...#########..#..###.[...#
...#.......#..#.###......#
...#.......#..####.......#
...#.......#..# #........#
...#.......#..# ##########


You could see 2 very ugly things and a friendly spellforged servitor (summoned).

Vanquished Creatures
  Mara (Spider:4)
  Nikola (Elf:3)
  Jorgrun (D:13)
  A deep elf master archer (Elf:3)
  A deep elf blademaster (Elf:3)
  2 sphinxes (Shoals:4)
  A kraken (Shoals:4)
  Agnes (Spider:4)
  Donald (Shoals:2)
  Kirke (Shoals:3)
  3 deep elf sorcerers (Elf:3)
  2 ghost moths (Spider:4)
  2 vault wardens (Vaults:1)
  A frost giant (D:15)
  8 emperor scorpions
  Aizul (Spider:4)
  An orc warlord (Orc:2)
  A broodmother (Spider:4)
  4 ironbound preservers (Vaults:1)
  A reaper (IceCv)
  2 ironbound thunderhulks
  2 deep elf elementalists (Elf:3)
  2 deep elf demonologists (Elf:3)
  3 deep elf annihilators (Elf:3)
  3 minotaurs
  4 merfolk impalers
  2 merfolk javelineers
  3 yaktaur captains (Vaults:1)
  6 deep elf high priests
  2 entropy weavers (Spider:2)
  3 hydras (Lair:5)
  2 great orbs of eyes (Vaults:1)
  3 ogre magi
  2 merfolk aquamancers
  3 ironbound frosthearts (Vaults:1)
  3 catoblepae (Lair:5)
  A radroach (Spider:4)
  7 vault guards
  2 merfolk avatars
  11 centaur warriors
  9 boulder beetles
  A death knight (D:14)
  7 tengu warriors
  10 satyrs
  5 two-headed ogres
  10 dancing weapons
  8 death yaks (Lair:5)
  Urug (D:12)
  A death scarab (Spider:2)
  2 orc high priests (Orc:2)
  9 deep elf knights
  Sonja (D:10)
  14 skeletal warriors
  2 pharaoh ants
  A death drake (Gauntlet)
  4 sea snakes
  14 deep trolls
  4 orb spiders
  A lindwurm (Lair:5)
  A wizard (Vaults:1)
  Pikel (D:4)
  8 deep elf archers
  2 ironbound convokers (Vaults:1)
  7 steelbarb worms
  18 deep elf zephyrmancers
  22 harpies
  13 wolf spiders
  13 orc knights
  6 orc sorcerers
  An oklob plant (D:13)
  23 deep elf pyromancers
  A faun (shapeshifter) (Elf:3)
  8 fauns
  11 manticores
  8 cyclopes
  2 ugly things
  5 moths of wrath
  12 elephants
  4 merfolk sirens
  6 torpor snails
  A black mamba (Lair:2)
  7 water nymphs
  2 demonic crawlers
  2 vault sentinels (Vaults:1)
  A gargoyle (D:10)
  3 ice statues
  6 komodo dragons
  7 rime drakes
  3 kobold demonologists
  10 cane toads
  A spectral redback (Gauntlet)
  Psyche (D:8)
  2 efreet (D:14)
  A rime drake (shapeshifter) (D:14)
  2 unseen horrors (D:11)
  A tengu conjurer (D:15)
  2 freezing wraiths (D:14)
  12 yaktaurs
  A redback zombie (Gauntlet)
  2 ice devils
  28 merfolk
  7 polar bears
  6 meliai
  8 trolls
  Grinder (D:3)
  11 tarantellas
  6 wind drakes
  3 hornets
  5 snapping turtles
  4 saltlings (Orc:2)
  13 dream sheep
  22 blink frogs
  9 culicivoras
  15 jumping spiders
  3 air elementals
  12 water elementals
  2 shadows
  3 wraiths
  23 slime creatures
  2 vampires
  2 hogs (Shoals:3)
  37 yaks
  3 fire elementals
  3 basilisks
  Eustachio (D:4)
  2 wyverns
  2 steam dragons (D:9)
  3 death yak simulacra
  40 redbacks
  6 vampire mosquitoes
  4 harpy simulacra
  4 wargs
  Edmund (D:6)
  3 hydra simulacra (IceCv)
  3 nameless horrors
  Duvessa (D:5)
  13 water moccasins
  4 ice beasts
  A hornet zombie (D:8)
  26 orc warriors
  10 ogres
  4 sky beasts
  A black bear (D:5)
  3 wolves
  20 centaurs
  2 lemures (D:4)
  3 phantoms
  8 kobold brigands
  2 earth elementals (Elf:1)
  9 bullfrogs
  A gnoll sergeant (D:9)
  2 scorpions
  5 two-headed ogre simulacra
  3 cane toad simulacra
  10 necrophages
  2 wyvern zombies (D:8)
  20 wights
  Dowan (D:5)
  3 elephant simulacra (IceCv)
  3 killer bees (D:10)
  An oklob sapling (D:13)
  7 howler monkeys
  2 centaur zombies
  10 orc priests
  15 jellies
  4 hounds
  2 iguanas (D:5)
  2 gnoll boudas
  Natasha (thrice) (D:2)
  A boggart zombie (Gauntlet)
  14 orc wizards
  10 troll simulacra
  6 spriggan simulacra (IceCv)
  3 polar bear simulacra
  3 wolf simulacra
  A killer bee zombie (D:8)
  A hound skeleton (D:4)
  A howler monkey zombie (D:8)
  18 gnolls
  14 adders
  5 naga simulacra
  A shadow imp (D:8)
  7 white imps
  9 ufetubi
  A dart slug (D:3)
  58 orcs
  6 bats
  5 endoplasms
  5 giant cockroaches
  16 goblins
  19 hobgoblins
  42 kobolds
  18 ball pythons
  5 frilled lizards
  7 rats
  3 lurking horrors (D:5)
  A pillar of salt (Orc:2)
  A tentacle (Shoals:4)
1225 creatures vanquished.

Vanquished Creatures (collateral kills)
  A deep elf blademaster (Elf:3)
  4 deep elf sorcerers (Elf:3)
  3 vault wardens
  3 deep elf elementalists (Elf:3)
  An ironbound preserver (Vaults:2)
  An ironbound thunderhulk (Vaults:1)
  2 deep elf demonologists
  3 deep elf annihilators (Elf:3)
  A dire elephant (Vaults:1)
  A deep elf death mage (Elf:3)
  A deep elf high priest (Elf:3)
  A vault guard (Vaults:1)
  2 dancing weapons
  A boulder beetle (Vaults:1)
  A centaur warrior (Vaults:1)
  4 deep elf knights
  8 deep trolls
  2 ironbound convokers (Vaults:1)
  8 deep elf archers
  2 wizards (Vaults:1)
  14 deep elf pyromancers
  13 deep elf zephyrmancers
  4 ugly things (Vaults:1)
  3 vault sentinels (Vaults:1)
  3 yaktaurs
  8 slime creatures (Vaults:1)
  A water elemental (Elf:2)
  2 fire elementals (Elf:2)
  An earth elemental (Elf:3)
99 creatures vanquished.

Vanquished Creatures (others)
  A ghost moth (Spider:3)
  A deep elf knight (Elf:2)
  A human (Shoals:3)
  A fire elemental (Elf:2)
  A wolf simulacrum (D:12)
  29 fungi
  2 pillars of salt (Orc:2)
  80 plants
  3 tentacles (Shoals:4)
  A withered plant (D:8)
120 creatures vanquished.

Grand Total: 1444 creatures vanquished

Notes
Turn   | Place    | Note
-------+----------+-------------------------------------------
     0 | D:1      | Illumine the Gargoyle Earth Elementalist began the quest
                  | for the Orb.
     0 | D:1      | Reached XP level 1. HP: 10/10 MP: 3/3
     0 | D:1      | Upgraded the game from 0.30-a0-654-g3e05ae4 to
                  | 0.30-a0-671-g2f0a868
    85 | D:1      | Reached skill level 1 in Transmutations
    85 | D:1      | Reached XP level 2. HP: 15/15 MP: 0/5
   516 | D:1      | Found Zul Woux's Weapon Emporium.
   543 | D:1      | Found a faded altar of an unknown god.
  1037 | D:2      | Noticed Natasha
  1042 | D:2      | Killed Natasha
  1043 | D:2      | Reached XP level 3. HP: 13/19 MP: 4/7
  1065 | D:2      | Noticed Natasha
  1069 | D:2      | Killed Natasha
  1070 | D:2      | Reached XP level 4. HP: 24/24 MP: 3/8
  1239 | D:2      | Reached skill level 5 in Earth Magic
  1395 | D:2      | Found a glowing golden altar of the Shining One.
  1424 | D:2      | Reached XP level 5. HP: 28/28 MP: 7/10
  1492 | D:2      | Noticed Natasha
  1495 | D:2      | Killed Natasha
  1500 | D:2      | Learned a level 3 spell: Stone Arrow
  2310 | D:3      | Reached skill level 1 in Conjurations
  2568 | D:3      | Noticed Grinder
  2575 | D:3      | Killed Grinder
  2576 | D:3      | Reached XP level 6. HP: 24/32 MP: 0/12
  2865 | D:3      | Identified the +2 mace of Suqustre {drain, Dex+6}
  3102 | D:4      | Reached XP level 7. HP: 36/36 MP: 5/13
  3347 | D:4      | Noticed Eustachio
  3354 | D:4      | Killed Eustachio
  3355 | D:4      | Reached skill level 1 in Fighting
  3467 | D:4      | Found a burning altar of Makhleb.
  3521 | D:4      | Identified the +1 leather armour "Poez" {rElec Str-4
                  | Stlth+}
  3964 | D:5      | Entered Level 5 of the Dungeon
  3989 | D:5      | Noticed Duvessa
  3990 | D:5      | Noticed Dowan
  3994 | D:5      | Killed Duvessa
  3996 | D:5      | Killed Dowan
  3997 | D:5      | Reached XP level 8. HP: 41/44 MP: 0/14
  4139 | D:5      | Reached skill level 2 in Fighting
  4236 | D:5      | Reached skill level 5 in Conjurations
  4442 | D:5      | Reached skill level 5 in Spellcasting
  4624 | D:4      | Noticed Pikel
  4760 | D:4      | Killed Pikel
  4761 | D:4      | Reached skill level 3 in Fighting
  4761 | D:4      | Reached XP level 9. HP: 39/51 MP: 6/17
  5027 | D:4      | Identified the +0 short sword of Midussul {drain, rF++ rN++
                  | Int-3}
  5206 | D:5      | Found a corrupted altar of Lugonu.
  5209 | D:5      | Identified the +6 long sword "Puhur" {elec, rC+}
  5582 | D:5      | Found a one-way gate to the infinite horrors of the Abyss.
  5595 | D:5      | Found a runed translucent door.
  5596 | D:5      | Noticed moogleknight's ghost (novice DECj)
  5753 | D:5      | Reached skill level 4 in Fighting
  5847 | D:5      | Reached skill level 1 in Long Blades
  5941 | D:5      | Noticed a two-headed ogre
  5952 | D:5      | Killed a two-headed ogre
  6737 | D:6      | Reached skill level 1 in Armour
  6737 | D:6      | Reached XP level 10. HP: 58/58 MP: 19/19
  6741 | D:6      | Reached skill level 5 in Fighting
  7246 | D:6      | Noticed Edmund
  7252 | D:6      | Killed Edmund
  7799 | D:6      | Found a staircase to the Ecumenical Temple.
  8095 | Temple   | Entered the Ecumenical Temple
  8095 | Temple   | Found a transporter.
  8095 | Temple   | Found a transporter.
  8097 | Temple   | Found a transporter.
  8097 | Temple   | Found a transporter.
  8696 | D:7      | Found an iron altar of Okawaru.
  8917 | D:7      | Learned a level 3 spell: Swiftness
  9698 | D:8      | Reached skill level 1 in Air Magic
  9700 | D:8      | Reached skill level 6 in Fighting
 10021 | D:8      | Noticed Psyche
 10042 | D:9      | Found a staircase to the Lair.
 10143 | D:9      | Found a flagged portal.
 10286 | Bailey   | Entered a bailey
 10525 | Bailey   | Reached XP level 11. HP: 50/64 MP: 13/21
 10992 | Temple   | Became a worshipper of Gozag Ym Sagoz the Greedy
 11093 | D:8      | Identified the +2 scale mail "Oshrac" {rC- Regen+ rCorr}
 11214 | D:8      | Found Wuxeic's Distillery.
 11223 | D:8      | Bought a potion of heal wounds for 75 gold pieces
 11357 | D:8      | Killed Psyche
 11695 | D:9      | Found Jusun's Fire Supplies.
 11795 | D:9      | Found a snail-covered altar of Cheibriados.
 12016 | D:9      | Noticed a boulder beetle
 12090 | D:9      | HP: 1/66 [boulder beetle (10)]
 12330 | Lair:1   | Entered Level 1 of the Lair of Beasts
 13025 | Lair:1   | Identified the +0 plate armour of the Orb {rF+}
 13473 | Lair:1   | Reached skill level 7 in Fighting
 13519 | Lair:2   | Identified a scroll of acquirement
 13711 | Lair:1   | Acquired a book of Iron
 13720 | Lair:1   | Learned a level 6 spell: Iron Shot
 13728 | Lair:2   | Reached skill level 10 in Earth Magic
 13728 | Lair:2   | Reached skill level 1 in Evocations
 13914 | Lair:2   | Reached skill level 5 in Armour
 15357 | Lair:3   | Reached skill level 10 in Conjurations
 15359 | Lair:3   | Reached XP level 12. HP: 65/72 MP: 10/23
 15580 | Lair:3   | Found a hole to the Spider Nest.
 15859 | Lair:3   | Reached skill level 1 in Shields
 16102 | Lair:3   | Reached skill level 8 in Fighting
 16554 | Lair:3   | Found a staircase to the Shoals.
 16630 | Lair:3   | Noticed a boulder beetle
 16639 | Lair:3   | Killed a boulder beetle
 17565 | Lair:4   | Identified the +0 leather armour of Narcissism {rPois rC+
                  | Stlth-}
 18307 | Lair:4   | Reached XP level 13. HP: 71/80 MP: 24/25
 18667 | Lair:4   | Reached skill level 9 in Fighting
 18984 | Lair:5   | Entered Level 5 of the Lair of Beasts
 19630 | Lair:5   | Found a runed translucent gate.
 19631 | Lair:5   | Found a runed translucent gate.
 19631 | Lair:5   | Found a runed translucent gate.
 19638 | Lair:5   | Noticed a minotaur
 19639 | Lair:5   | Noticed Blinkfrogs's ghost (journeyman HOFi)
 20442 | Lair:5   | Found a staircase to the Slime Pits.
 20442 | Lair:5   | Found a viscous altar of Jiyva.
 21288 | Lair:5   | Reached skill level 10 in Fighting
 21566 | Lair:5   | Identified the +3 leather armour of the Riding Gods {Int+3}
 22470 | Lair:5   | Gained mutation: Your large and strong wings let you fly.
                  | [Gargoyle growth]
 22470 | Lair:5   | Reached XP level 14. HP: 88/88 MP: 4/26
 23581 | D:9      | Reached skill level 11 in Fighting
 23860 | D:9      | Found a runed translucent gate.
 23862 | D:9      | Found a runed translucent gate.
 23862 | D:9      | Found a runed translucent gate.
 23863 | D:9      | Noticed Caerwyn's ghost (novice DsIE)
 24215 | D:9      | Found a viscous altar of Jiyva.
 24265 | D:10     | Entered Level 10 of the Dungeon
 24265 | D:10     | Noticed Sonja
 24267 | D:10     | Killed Sonja
 26703 | D:12     | Found a frozen archway.
 26723 | D:12     | Found a gate leading to a gauntlet.
 26741 | Gauntlet | Entered a Gauntlet
 26741 | Gauntlet | Found a transporter.
 26747 | Gauntlet | Found a transporter.
 26749 | Gauntlet | Found a transporter.
 26751 | Gauntlet | Found a runed translucent door.
 26759 | Gauntlet | Found a runed translucent door.
 26762 | Gauntlet | Found a transporter.
 26764 | Gauntlet | Found a transporter.
 26773 | Gauntlet | Found a transporter.
 26789 | Gauntlet | Found a transporter.
 26799 | Gauntlet | Found a transporter.
 26809 | Gauntlet | Found a transporter.
 26831 | Gauntlet | Found a transporter.
 26838 | Gauntlet | Found a transporter.
 26845 | Gauntlet | Found a transporter.
 26854 | Gauntlet | Found a runed translucent door.
 26972 | Gauntlet | Found a transporter.
 26989 | Gauntlet | Learned a level 1 spell: Apportation
 26996 | Gauntlet | Identified the amulet of Satisfaction {Regen+ Stlth+}
 27153 | Gauntlet | Reached skill level 15 in Earth Magic
 27193 | Gauntlet | Learned a level 7 spell: Spellforged Servitor
 27284 | IceCv    | Entered an ice cave
 27479 | IceCv    | Reached skill level 1 in Summonings
 27542 | IceCv    | Learned a level 4 spell: Leda's Liquefaction
 28192 | IceCv    | Noticed a reaper
 28205 | IceCv    | Killed a reaper
 28206 | IceCv    | Reached skill level 1 in Hexes
 28617 | D:12     | Found a staircase to the Orcish Mines.
 28987 | D:12     | Reached XP level 15. HP: 72/96 MP: 22/27
 29103 | D:12     | Reached skill level 12 in Fighting
 29207 | D:12     | Reached skill level 5 in Long Blades
 29716 | D:12     | Identified the +5 flail of Change {pain, Str+5}
 29720 | D:12     | Noticed Urug
 29723 | D:12     | Killed Urug
 29863 | Orc:1    | Entered Level 1 of the Orcish Mines
 29943 | Orc:1    | Reached skill level 10 in Armour
 30065 | D:9      | Bought +0 fire dragon scales for 600 gold pieces
 30210 | Orc:2    | Entered Level 2 of the Orcish Mines
 30222 | Orc:1    | Upgraded the game from 0.30-a0-671-g2f0a868 to
                  | 0.30-a0-691-g754fce4
 30589 | Orc:2    | Found a staircase to the Elven Halls.
 30924 | Orc:2    | Reached skill level 5 in Summonings
 31276 | Orc:2    | Found Wehot's Armour Shop.
 31300 | Orc:2    | Found Ekirauli's Antique Weapon Shoppe.
 31361 | Orc:2    | Found Hoarugul's Assorted Antiques.
 31372 | Orc:2    | Bought a pair of runed boots for 150 gold pieces
 31387 | Orc:2    | Bought the +6 Majin-Bo {spellvamp, MP+6 Int+6} for 2134
                  | gold pieces
 31387 | Orc:2    | Found the +6 Majin-Bo {spellvamp, MP+6 Int+6}
 31407 | Orc:2    | Found Diagied's Armour Shoppe.
 31407 | Orc:2    | Noticed an orc warlord
 31446 | Orc:2    | Killed an orc warlord
 31447 | Orc:2    | Reached skill level 1 in Staves
 31526 | Orc:2    | Bought a +2 helmet of intelligence for 236 gold pieces
 32436 | D:13     | You are sucked into a shaft and drop 1 floor!
 33783 | D:13     | Reached skill level 13 in Fighting
 33907 | D:13     | Got the Vellum of Conjured Inhalation
 33908 | D:13     | Noticed Jorgrun
 33913 | D:13     | Killed Jorgrun
 33914 | D:13     | Reached XP level 16. HP: 104/104 MP: 21/28
 34735 | D:13     | Found a gate to the Vaults.
 35711 | D:15     | Entered Level 15 of the Dungeon
 35837 | D:15     | Found a stormy altar of Qazlal.
 35978 | D:15     | Reached skill level 5 in Staves
 36012 | D:15     | Found a broken altar of Ashenzari.
 36258 | D:15     | Found a flickering gateway to a bazaar.
 36264 | Bazaar   | Entered a bazaar
 36295 | Bazaar   | Found Vacruf's Antique Weapon Shoppe.
 36355 | Bazaar   | Found Ammoetwoy's Antique Armour Shoppe.
 36369 | Bazaar   | Found Luhax's Book Emporium.
 36377 | Bazaar   | Bought a Necronomicon for 896 gold pieces
 36377 | Bazaar   | Bought a book of Unlife for 576 gold pieces
 36408 | D:15     | Learned a level 5 spell: Borgnjor's Vile Clutch
 36503 | D:15     | Found Rairuod's Weapon Shop.
 36626 | D:15     | Found a staircase to the Depths.
 36928 | Shoals:1 | Entered Level 1 of the Shoals
 36928 | Shoals:1 | Found Oserhel's Vocational Training.
 37032 | Shoals:1 | Found Nouxobb's Antique Armour Shoppe.
 37048 | Shoals:1 | Bought a pair of glowing gloves for 240 gold pieces
 37658 | Shoals:1 | Reached skill level 1 in Necromancy
 38446 | Shoals:2 | Noticed Donald
 38450 | Shoals:2 | Killed Donald
 39178 | Shoals:2 | Found Kyikhlog's Book Emporium.
 39482 | Shoals:2 | Reached skill level 14 in Fighting
 39564 | Shoals:2 | Reached XP level 17. HP: 111/111 MP: 5/29
 39895 | Shoals:2 | Reached skill level 5 in Shields
 40355 | Shoals:3 | Noticed Kirke
 40359 | Shoals:3 | Killed Kirke
 41154 | Shoals:4 | Entered Level 4 of the Shoals
 41156 | Shoals:4 | Identified the +5 dagger of Dissatisfaction {drain, *Slow
                  | rC+ Str+5}
 41510 | Shoals:4 | Noticed a sphinx
 41522 | Shoals:4 | Killed a sphinx
 41544 | Shoals:4 | Reached skill level 10 in Summonings
 41694 | Shoals:4 | Got a barnacled rune of Zot
 41696 | Shoals:4 | Identified the +4 hand axe of Xuaryem {venom, rN+ rCorr
                  | Str+3}
 42329 | Shoals:4 | Identified the ring "Foci" {Drain rElec rPois rC+ rCorr}
 42356 | Shoals:4 | Noticed a sphinx
 42371 | Shoals:4 | Killed a sphinx
 42513 | Shoals:4 | Noticed a kraken
 42524 | Shoals:4 | Killed a kraken
 42820 | Spider:1 | Entered Level 1 of the Spider Nest
 43961 | Spider:2 | Reached skill level 15 in Fighting
 44558 | Lair:3   | Bought a pair of encrusted gloves for 313 gold pieces
 44558 | Lair:3   | Identified the +3 pair of gloves "Bedomm" {*Slow Str+5
                  | Dex+4} (You bought it in a shop on level 3 of the Lair of
                  | Beasts)
 44558 | Lair:3   | Bought a shiny buckler for 247 gold pieces
 44558 | Lair:3   | Bought a glowing buckler for 247 gold pieces
 44711 | Spider:2 | Reached XP level 18. HP: 108/119 MP: 31/31
 44738 | Spider:2 | Reached skill level 5 in Necromancy
 45840 | Spider:3 | Reached skill level 10 in Spellcasting
 46066 | Spider:4 | Entered Level 4 of the Spider Nest
 46066 | Spider:4 | Noticed Aizul
 46071 | Spider:4 | Killed Aizul
 46122 | Spider:4 | Noticed Mara
 46126 | Spider:4 | Killed Mara
 46292 | Spider:4 | Noticed Agnes
 46300 | Spider:4 | Killed Agnes
 47643 | Spider:4 | Got a gossamer rune of Zot
 48255 | Elf:1    | Entered Level 1 of the Elven Halls
 48495 | Elf:1    | Reached skill level 16 in Fighting
 48514 | Elf:1    | Found a transporter.
 48514 | Elf:1    | Found a transporter.
 48807 | Elf:1    | Found Ypeamoge's Weapon Shoppe.
 48807 | Elf:1    | Found Poivi's Jewellery Emporium.
 48875 | Elf:1    | Reached XP level 19. HP: 96/125 MP: 1/33
 49177 | Elf:1    | Bought the ring of Xeimmys {Int+6 Stlth+} for 595 gold
                  | pieces
 49177 | Elf:1    | Bought the ring of Bemaev {Wiz *Slow rC+ rN+++} for 772
                  | gold pieces
 49202 | Elf:1    | Found a transporter.
 49273 | Elf:1    | Found a transporter.
 49717 | Elf:1    | Found a transporter.
 49719 | Elf:1    | Found a transporter.
 49839 | Elf:1    | Found Heaguemm's Antique Weapon Boutique.
 51174 | Elf:2    | Found a runed translucent gate.
 51174 | Elf:2    | Found a runed translucent gate.
 51174 | Elf:2    | Found a runed translucent gate.
 51500 | Elf:3    | Entered Level 3 of the Elven Halls
 51975 | Elf:3    | Found Xenoyfust's Armour Emporium.
 52311 | Elf:3    | Reached skill level 17 in Fighting
 52460 | Elf:3    | Paralysed by an air elemental for 1 turns
 52845 | Elf:3    | Identified the +1 long sword of Certain Death {flame, Str+3
                  | Stlth+}
 52851 | Elf:3    | Identified the +12 quarterstaff of Fedhas, Chewing {pain,
                  | rF+ rN+ Int+2}
 53010 | Elf:3    | Identified the +5 great mace "Killer Klown's Regret"
                  | {protect, Str+2}
 53575 | Elf:3    | Reached skill level 15 in Armour
 53761 | Elf:3    | Reached XP level 20. HP: 122/135 MP: 30/34
 53809 | Elf:3    | Noticed Nikola
 53809 | Elf:3    | Identified the ring of Daffodils {rElec rCorr Int+4 Dex-2}
 53816 | Elf:3    | Killed Nikola
 53876 | Elf:3    | Identified the ring "Cisasuom" {rElec Dex+6}
 53882 | Elf:3    | Identified the ring of Menynua {Drain Int+4 Dex+6}
 53935 | Elf:3    | Found the +9 scales of the Dragon King {rPois rF+ rC+
                  | Will+}
 53963 | Elf:3    | Got the Discursus on the Summer
 54247 | Elf:3    | Got the Meditations on Conduction
 54634 | Vaults:1 | Entered Level 1 of the Vaults
 54953 | Vaults:1 | Reached skill level 18 in Fighting
 55483 | Vaults:1 | Reached skill level 10 in Necromancy
 56838 | Vaults:1 | Mangled by a white very ugly thing

Illustrated notes

Levels and vault maps discovered:
D:1:      nicolae_arrival_washed_ashore, layout_basic, serial_shops, shop,
          ebering_ecumenical_altar_abandoned
D:2:      layout_loops_ring, basic_altar, uniq_natasha
D:3:      minmay_general_purpose_star, layout_loops_ring, minmay_pentomino_pile,
          uniq_grinder
D:4:      layout_basic, makhleb_blood_cavern_becter, uniq_eustachio, uniq_pikel
D:5:      layout_layer_cave, gammafunk_ghost_grave,
          chequers_serial_rivers_micro_a, st_stairs_11,
          amcnicky_altar_lugonu_corruption, uniq_duvessa
D:6:      layout_rooms, temple_doors_cd, st_stairs_12, hex_large,
          minmay_misc_feat_diagonals, uniq_edmund
D:7:      layout_loops_ring, okawaru_altar_gauntlet_db
D:8:      layout_gridville, serial_undead, serial_undead_c, serial_undead_b,
          serial_undead_c, serial_undead_e, serial_shops, shop, uniq_psyche
D:9:      layout_loops_corners, mainiacjoe_overflow_concentric_impassable,
          gammafunk_ghost_ooze, enter_bailey_3, st_stairs_14,
          hangedman_decor_growths, nicolae_shop_fire_sale
          [nicolae_sub_dead_trees], hangedman_misty_isle
D:10:     layout_cave_pools, grunt_ministairs_2, uniq_sonja
D:11:     layout_irregular_city
D:12:     dreamdust_isle_of_ice, layout_rooms, david_orc_5,
          gauntlet_entry_generic, portal_ice_cave_entry_ice_simulacra,
          nicolae_zen_rock_garden, lemuel_flame_loot_1, uniq_urug
D:13:     kennysheep_spiral_hall, layout_basic, grunt_vaults_entry_fortified,
          introduction_to_nature_1, uniq_jorgrun
D:14:     layout_basic
D:15:     grunt_enter_depths_snipers, layout_rooms, cheibrodos_ashenzari_chains,
          serial_shops, bzr_entry_road, nicolae_shop_bloodbath_and_beyond,
          nicolae_qazlal_general_emergency
Temple:   hellmonk_temple_divided_pantheon
Lair:1:   layout_loops_ring
Lair:2:   layout_gridlike, roderic_carrion_pond, grunt_megastairs_4,
          lemuel_fruit_tree
Lair:3:   layout_gridlike, minmay_shoals_entry_lonely_mermaid,
          dummy_spider_entry
Lair:4:   layout_regular_city, st_stairs_13
Lair:5:   evilmike_catoblepas_cave, layout_cave_pods,
          minmay_slime_entry_jelly_boxes, maelrawn_ghost_gauntlet_escape,
          chequers_serial_rivers_large_a, st_stairs_12, dreamdust_gnoll_shepherd
Shoals:1: layout_shoals, serial_shops, shop, nicolae_shop_vocational
Shoals:2: layout_shoals, serial_shops, shop, centaur_isle, uniq_donald
Shoals:3: layout_shoals, uniq_kirke
Shoals:4: shoals_end_hellmonk_lost_city, serial_shops
Spider:1: layout_cave_pods, nicolae_spider_twisty_arc_passages
Spider:2: layout_cave_pods, nicolae_spider_webbed_stairs
Spider:3: layout_cave_pods, nicolae_spider_not_touching_you
Spider:4: grunt_spider_rune_circles, uniq_mara, uniq_agnes, uniq_aizul
Orc:1:    layout_diamond_mine, uniq_nergalle, uniq_maurice
Orc:2:    hellmonk_orc_salted, layout_diamond_mine, special_room,
          kennysheep_orc_chapel
Elf:1:    layout_loops_corners, serial_shops, nicolae_shop_hallway_plus,
          kennysheep_underground_church, serial_nicolae_subway,
          nicolae_sub_station_crystal, nicolae_sub_station_metal,
          nicolae_sub_station_stone, minmay_shoptagon
Elf:2:    nicolae_elf_blades_splatter_lattice [nicolae_blade_little_rooms],
          layout_loops_cross, lemuel_flamethrower_3
Elf:3:    minmay_elf_hall_spiked, layout_geoelf_octagon, serial_shops,
          nicolae_shop_trees, hex_medium, uniq_nikola
Vaults:1: serial_ice_h, hangedman_vaults_stream, nicolae_vaults_back_hallway,
          v_misc_10, vaults_dpeg_emergency_exit, vaults_dpeg_cross, v_misc_17,
          nicolae_vaults_border_crossing, v_misc_26, grunt_vaults_diagonal,
          layout_vaults_big_room, serial_glass
Vaults:2: advil_vaults_ghost_guards, v_rooms_5, ontoclasm_vaults_gateway,
          v_pattern_1, v_alt_pattern_5, nicolae_vaults_windows_and_doors_thing,
          hangedman_vaults_river_flow, nicolae_vaults_what_the_h,
          minmay_crypt_entry_necro_gods, vaults_dpeg_hooks,
          vaults_room_fancy_cross, nicolae_vaults_angled_halls,
          layout_vaults_omnibox, serial_shops, shop, nicolae_diamond_shop,
          shop_fountains, shop_fountains

Skill      XL: |  1  2  3  4  5  6  7  8  9 10 11 12 13 14 15 16 17 18 19 20 |
---------------+-------------------------------------------------------------+-----
Transmutations | 1 |  1.0
Earth Magic    | 4 5 6 7 8 9 10 12 14 15 | 15.0
Spellcasting   | 3 4 5 6 7 8 9 10 | 10.0
Conjurations   | 3 4 6 8 10 11 13 14 | 14.0
Fighting       | 1 3 4 6 7 8 10 11 13 14 15 16 17 18 | 18.6
Dodging        | 2 3 4 |  4.1
Long Blades    | 2 3 4 5 |  5.8
Armour         | 1 3 5 7 9 11 12 13 15 16 | 16.3
Air Magic      | 1 3 |  3.3
Evocations     | 1 |  1.6
Shields        | 3 4 7 8 |  8.0
Summonings     | 3 7 9 10 11 12 | 12.0
Hexes          | 1 2 |  2.0
Staves         | 3 5 6 |  6.4
Necromancy     | 2 4 7 9 10 | 10.5
Maces & Flails | |  0.1
Stealth        | |  2.3

Action                   |  1- 3 |  4- 6 |  7- 9 | 10-12 | 13-15 | 16-18 | 19-21 || total
-------------------------+-------+-------+-------+-------+-------+-------+-------++-------
Melee: Short sword       |    14 |       |       |       |       |       |       ||    14
       Morningstar       |       |       |     3 |       |       |       |       ||     3
       Long sword        |       |       |       |    68 |   233 |       |       ||   301
       Punch             |       |       |       |     1 |       |       |       ||     1
       Staff             |       |       |       |       |    81 |   269 |    29 ||   379
 Cast: Sandblast         |    32 |    77 |    16 |    15 |    14 |     2 |       ||   156
       Stone Arrow       |       |     3 |    88 |   403 |   431 |    39 |       ||   964
       Iron Shot         |       |       |       |     4 |   288 |   480 |   114 ||   886
       Leda's Liquefacti |       |       |       |       |     4 |       |     3 ||     7
       Apportation       |       |       |       |       |     1 |       |       ||     1
       Borgnjor's Vile C |       |       |       |       |       |   252 |   147 ||   399
       Spellforged Servi |       |       |       |       |       |       |    43 ||    43
Invok: Potion Petition   |       |       |       |     1 |       |     4 |     2 ||     7
       Call Merchant     |       |       |       |       |       |     2 |       ||     2
Evoke: Wand              |       |       |       |     2 |     7 |     5 |       ||    14
  Use: Scroll            |       |       |     5 |    13 |    14 |    13 |     5 ||    50
       Potion            |       |       |       |     1 |     3 |     1 |       ||     5
 Stab: Distracted        |       |       |       |       |       |     1 |       ||     1
Armor: Robe              |     8 |    14 |     3 |    69 |    33 |       |    44 ||   171
       Leather armour    |       |       |       |       |   331 |   486 |    38 ||   855
       Fire dragon scale |       |       |       |       |       |     3 |       ||     3
Dodge: Dodged            |    21 |    11 |    16 |   162 |   371 |   359 |    59 ||   999
Block: Buckler           |       |       |       |       |   246 |   326 |    58 ||   630
       Reflection        |       |       |       |       |       |     7 |    25 ||    32

Table legend: (Time is in decaauts)
 A = Elapsed time spent in this place.
 B = Non-inter-level travel time spent in this place.
 C = Inter-level travel time spent in this place.
 D = Time resting spent in this place.
 E = Time spent auto-exploring this place.
 F = Levels seen in this place.
 G = Mean time per level.
                   A        B        C        D        E       F      G
               +--------+--------+--------+--------+--------+-----+--------+
         Total |  57133 |  54725 |   2408 |  15018 |  28848 |  40 | 1428.3 |
       Dungeon |  21592 |  20441 |   1151 |   3723 |  12990 |  15 | 1439.5 |
        Temple |     69 |     30 |     39 |      0 |      0 |   1 |   69.0 |
          Lair |  11709 |  11276 |    433 |   3314 |   6333 |   5 | 2341.8 |
        Shoals |   5386 |   5270 |    116 |   1600 |   2547 |   4 | 1346.5 |
   Spider Nest |   5270 |   5016 |    254 |   1347 |   2734 |   4 | 1317.5 |
  Orcish Mines |   2185 |   2041 |    144 |    803 |    564 |   2 | 1092.5 |
   Elven Halls |   6308 |   6082 |    226 |   2654 |   2098 |   3 | 2102.7 |
        Vaults |   2224 |   2183 |     41 |    709 |    973 |   2 | 1112.0 |
        Bazaar |    136 |    136 |      0 |      0 |    105 |   1 |  136.0 |
        Bailey |    623 |    623 |      0 |    251 |    199 |   1 |  623.0 |
      Ice Cave |   1114 |   1114 |      0 |    432 |    304 |   1 | 1114.0 |
      Gauntlet |    513 |    513 |      0 |    185 |      0 |   1 |  513.0 |
               +--------+--------+--------+--------+--------+-----+--------+

Top non-repeatable levels by time:
  Lair:5: 3795 daAuts
   Elf:3: 2686 daAuts
  Lair:3: 2585 daAuts
  Lair:4: 2404 daAuts
     D:9: 2350 daAuts
Vaults:1: 2110 daAuts
   Elf:1: 2034 daAuts
    D:13: 2028 daAuts
     D:5: 1944 daAuts
   Orc:2: 1910 daAuts
Spider:2: 1748 daAuts
Shoals:1: 1730 daAuts
     D:4: 1656 daAuts
Spider:4: 1631 daAuts
     D:6: 1627 daAuts
